 Dungeon Sprint DCSS version 0.28-a0-1518-gbe868bca14 (webtiles) character file.

Game seed: 3428605839960619574

233 mhtbhm the Protected (level 5, -3/56 HPs)
             Began as a Minotaur Fighter on Jan 16, 2022.
             Slain by a neqoxec (11 damage)
             ... summoned by a kobold demonologist
             ... in the Dungeon (Sprint VII: "The Pits").
             The game lasted 00:00:25 (87 turns).

mhtbhm the Protected (Minotaur Fighter)               Turns: 87, Time: 00:00:26

Health: -3/56      AC:  8    Str: 23    XL:     5   Next: 75%
Magic:  4/4        EV:  9    Int:  5    God:
Gold:   0          SH:  5    Dex:  9    Spells: 4/4 levels left

rFire   . . .      SeeInvis .   a - +0 war axe
rCold   . . .      Faith    .   c - +0 buckler
rNeg    . . .      Spirit   .   b - +0 scale mail
rPois   .          Reflect  .   (helmet restricted)
rElec   .          Harm     .   (no cloak)
rCorr   .          Rampage  .   (no gloves)
Will    .....      NoTele   +   (no boots)
Stlth   ..........              (no amulet)
HPRegen 0.18/turn               (no ring)
MPRegen 0.09/turn               (no ring)

@: on berserk cooldown, slowed, very slow
A: horns 2, retaliatory headbutt
a: no special abilities


You were in the Dungeon.
You visited 1 branch

Inventory:

Hand Weapons
 a - a +0 war axe (weapon)
Armour
 b - a +0 scale mail (worn)
 c - a +0 buckler (worn)
Potions
 d - a potion of might
 f - a potion of heal wounds
 g - a potion of haste
 h - 2 potions of magic


   Skills:
 + Level 8.6 Fighting
 + Level 4.8 Axes
 + Level 9.1 Armour
 + Level 0.1 Dodging
 + Level 8.3 Shields


You had 4 spell levels left.
You didn't know any spells.
Your spell library was empty.

Dungeon Overview and Level Annotations

Branches:
Dungeon (1/1)

Altars:


Innate Abilities, Weirdness & Mutations

You have a pair of horns on your head.
You reflexively headbutt those who attack you in melee.


Message History

You block the gnoll's attack. The neqoxec barely misses you.
You slice the gnoll!!
You kill the gnoll!
You barely miss the neqoxec. You hit the quasit.
You kill the quasit!
The quasit disappears in a puff of smoke!
You are no longer berserk.
You are exhausted.
You feel yourself slow down.
The kobold demonologist looks braver for a moment.
The neqoxec hits you.
* * * LOW HITPOINT WARNING * * *
Unknown command.
Unknown command.
You feel better.
The kobold demonologist gestures wildly while chanting.
The neqoxec hits you but does no damage.
The crimson imp blinks!
Unknown command.
You barely miss the kobold demonologist.
Your headbutt misses the kobold demonologist.
You closely miss the neqoxec.
The ufetubus disappears in a puff of smoke!
The neqoxec hits you but does no damage.
The crimson imp blinks!
The kobold demonologist hits you but does no damage.
The neqoxec hits you!
* * * LOW HITPOINT WARNING * * *
The kobold demonologist hits you but does no damage.
Unknown command.
You closely miss the kobold demonologist.
You hit the neqoxec. The neqoxec hits you.
* * * LOW HITPOINT WARNING * * *
You block the kobold demonologist's attack.
The quasit closely misses you. You furiously retaliate!
You headbutt the quasit!
You kill the quasit!
The quasit disappears in a puff of smoke!
The neqoxec hits you!
You die...

##########++######
#................#
#......#..#......#
#................+
+................+
#......#..#......#
#.........3@.....#
####'#####§K######
#.......##'5#
#.......##.§#
#.......##..#
#...<...##..# #
#.......##..# .###
#.......##§.#....##
#.......##.§'..yy.#


You could see a kobold demonologist, a neqoxec (summoned) and an iron imp
(summoned).

Vanquished Creatures
  5 killer bees (D)
  A gnoll (D)
6 creatures vanquished.

Notes
Turn   | Place    | Note
-------+----------+-------------------------------------------
     0 | D        | mhtbhm the Minotaur Fighter began the quest for the Orb.
     0 | D        | Reached XP level 1. HP: 19/19 MP: 0/0
    21 | D        | Noticed a killer bee
    21 | D        | Noticed a killer bee
    21 | D        | Noticed a killer bee
    21 | D        | Noticed a killer bee
    21 | D        | Noticed a killer bee
    21 | D        | Noticed a kobold demonologist
    70 | D        | Noticed a crimson imp
    72 | D        | Killed a killer bee
    73 | D        | Reached skill level 5 in Fighting
    73 | D        | Reached skill level 5 in Armour
    73 | D        | Reached skill level 5 in Shields
    73 | D        | Reached XP level 2. HP: 30/30 MP: 1/1
    73 | D        | Reached XP level 3. HP: 37/37 MP: 2/2
    75 | D        | Killed a killer bee
    76 | D        | Reached skill level 6 in Armour
    76 | D        | Reached XP level 4. HP: 39/45 MP: 3/3
    77 | D        | Reached skill level 7 in Armour
    78 | D        | Reached skill level 8 in Armour
    78 | D        | Reached XP level 5. HP: 29/53 MP: 4/4
    81 | D        | Noticed a neqoxec
    82 | D        | Reached skill level 9 in Armour
    87 | D        | Slain by a neqoxec

Illustrated notes

Levels and vault maps discovered:
D:        pitsprint [storerooms_1, entrance_room_1, metal_vault_1, armoury_2,
          mini_pit_1, grid_room_1, main_hall_1, silver_pit, the_coven_3,
          the_vestibule_1, steel_vault_3, golden_pit, hallway_of_sentries,
          crystal_vault_1, iron_vault_1, final_vault]

Skill      XL: |  1  2  3  4  5 |
---------------+----------------+-----
Fighting       | 5 6 8 |  8.6
Axes           | 3 4 |  4.8
Armour         | 5 6 8 9 |  9.1
Shields        | 5 6 7 8 |  8.3
Dodging        | |  0.1

Action                   |  1- 3 |  4- 6 || total
-------------------------+-------+-------++-------
Melee: War axe           |     5 |    11 ||    16
       Headbutt          |     1 |     1 ||     2
  Use: Potion            |     1 |     1 ||     2
       Scroll            |     1 |       ||     1
Armor: Scale mail        |     3 |    15 ||    18
Dodge: Dodged            |     8 |    11 ||    19
Block: Buckler           |     2 |     8 ||    10

Table legend: (Time is in decaauts)
 A = Elapsed time spent in this place.
 B = Non-inter-level travel time spent in this place.
 C = Inter-level travel time spent in this place.
 D = Time resting spent in this place.
 E = Time spent auto-exploring this place.
 F = Levels seen in this place.
 G = Mean time per level.
                   A        B        C        D        E       F      G
               +--------+--------+--------+--------+--------+-----+--------+
         Total |     86 |     86 |      0 |     45 |     21 |   1 |   86.0 |
       Dungeon |     86 |     86 |      0 |     45 |     21 |   1 |   86.0 |
               +--------+--------+--------+--------+--------+-----+--------+

Top non-repeatable levels by time:
       D: 86 daAuts
